Description

Ground Protoss build, 3 Immortal, Archon, Zealot engage around 8-9 min mark

Except the Pylon at 9 min it's Stats Build vs sOs in 2nd Game of Semi-Finals of WCS 2018

VOD

https://www.youtube.com/watch?v=QFFrMJykL2w

Build Order

Get SALT Encoding   

  12  00:00  Probe  
  13  00:13  Probe  
  14  00:17  Pylon  
  14  0:24  Probe  
  15  0:35  Probe (Chrono Boost)  
  16  0:36  Gateway  
  16  0:44  Probe (Chrono Boost)  
  17  0:45  Assimilator  
  17  0:52  Probe (Chrono Boost)  
  18  0:54  Assimilator  
  18  1:02  Probe (Chrono Boost)  send 1 Probe to Gas
  19  1:08  Gateway  Scout Probe
  19  1:11  Probe (Chrono Boost)  both Gas 2/3
  20  1:19  Probe (Chrono Boost)  1 Gas to 3/3
  21  1:24  Cybernetics Core  
  21  1:29  Probe  2 Gas to 3/3
  22  1:34  Pylon  
  22  1:41  Probe  
  24  2:00  Stalker, Sentry, Warp Gate  
  28  2:11  Pylon  for scouting in cornor
  28  2:30  Stalker x2  
  32  2:38  Twilight Council  
  32  2:59  Nexus  
  32  3:15  Blink (Chrono Boost)  
  32  3:19  Stalker  
  34  3:25  Stalker  
  35  3:29  Probe  
  37  3:39  Pylon  
  37  3:41  Probe  
  38  3:53  Probe  
  39  4:00  Robotics Facility  
  39  4:07  Probe  chrono when 2nd nexus rdy
  40  4:15  Probe (Chrono Boost)  2nd Nexus
  41  4:18  Probe (Chrono Boost)  
  41  4:24  Probe x2 (Chrono Boost)  
  43  4:33  Probe x2 (Chrono Boost)  
  45  4:44  Probe x2  
  47  4:48  Observer  
  49  4:54  Pylon  
  49  4:55  Assimilator, Forge  
  49  4:56  Sentry x2  
  53  4:58  Probe x2  
  53  4:59  Assimilator  
  57  5:10  Immortal (Chrono Boost)  
  60  5:11  Probe x2 (Chrono Boost)  
  61  5:18  Shield Battery  Fill up 2 Gas to 2/3
  61  5:23  Probe x2 (Chrono Boost)  
  64  5:28  Protoss Ground Weapons Level 1 (Chrono Boost)  
  64  5:33  Pylon  
  64  5:35  Probe  Fill Nexus
  66  5:42  Immortal (Chrono Boost)  Scout with Phoenix Hallucination
  70  5:55  Gateway x2  
  70  6:00  Gateway  
  70  6:04  Charge  
  70  6:13  Templar Archives  
  70  6:14  Gateway  
  70  6:23  Immortal  
  74  6:32  Gateway x2  
  74  6:38  Pylon  
  74  6:40  Pylon  
  74  6:45  Pylon  
  74  6:56  High Templar x4  => 2 Archon
  82  7:02  Warp Prism  
  84  7:08  Protoss Ground Weapons Level 2 (Chrono Boost)  
  84  7:17  Pylon  
  84  7:34  Zealot x8  
  100  7:52  Pylon  
  100  7:59  High Templar x2, Zealot x5  => Archon
  114  8:06  Observer  
  116  8:18  Pylon x2  
  116  8:21  Zealot x4  
  124  8:30  Zealot x2  Engage
  128  8:50  High Templar x4  => 2 Archon
  134  8:55  Zealot x4  
  142  9:00  Pylon  
  142  9:28  Zealot x8  
Spawning Tool Build Advisor. Get it on Overwolf

Analysis

If the enemie builds a lot of Air units, get some Stalkers instead of Zealots and don't go for 3rd Immortal

Go to:

Details

  • Created by: Serit
  • Published on: Dec 25, 2018
  • Modified on: Dec 26, 2018
  • Patch: 4.7.1
Show
View Real Time Build Order
Export as new Build Order

Comments (0)

There are no comments. Be the first!

Create an account to comment!